Map: Disco Bloodbath LE

Players

Stephano

  • Race: Zerg Zerg
  • Spawn Location: 9:00

JonSnow - Winner!

  • Race: Zerg Zerg
  • Spawn Location: 3:00

VOD

Have the link to the VOD?

Description

Time

  • Played on: Sept. 6, 2019, 6:17 p.m.
  • Length: 9:16
Show
View Real Time Build Order
Export as new Build Order

Stephano Zerg 

Build Orders: Hatch First 

Get SALT Encoding   

  12  0:00  Drone  
  13  0:12  Overlord  
  13  0:16  Drone  
  14  0:30  Drone x2  
  16  0:47  Hatchery  
  15  0:50  Drone  
  15  0:53  Drone  
  17  0:57  Drone  
  18  1:07  Extractor  
  17  1:12  Spawning Pool  
  17  1:15  Drone  
  17  1:19  Drone  
  18  1:27  Drone  
  19  1:38  Drone  
  20  1:49  Drone  
  21  1:58  Queen  
  21  1:59  Queen  
  21  2:00  Overlord, Zergling x2  
  26  2:10  Drone x2  
  26  2:12  Metabolic Boost  
  28  2:21  Drone  
  28  2:22  Drone  
  30  2:32  Hatchery  
  29  2:38  Queen  
  29  2:43  Overlord  
  31  2:45  Drone  
  31  2:48  Drone  
  33  2:52  Drone  
  33  2:58  Drone, Baneling Nest  
  35  3:00  Drone  
  35  3:03  Drone  
  36  3:09  Drone  
  37  3:16  Zergling x6  
  40  3:20  Drone x3  
  42  3:32  Zergling x2  
  42  3:33  Overlord  
  43  3:42  Baneling x2  
  43  3:43  Zergling x2  
  43  3:44  Zergling x2  
  45  3:48  Extractor  
  45  3:49  Extractor  
  45  3:50  Zergling x8  
  45  3:51  Evolution Chamber  
  46  3:55  Zergling x2  
  46  3:56  Zergling x4  
  46  3:59  Baneling  
  46  4:00  Baneling x2  
  50  4:02  Zergling x2  
  50  4:03  Zergling x2  
  50  4:08  Zergling x2  
  52  4:17  Zergling x8  
  56  4:25  Zergling x4  
  56  4:29  Zergling x4  
  56  4:37  Drone x3  
  58  4:41  Overlord  
  58  4:52  Zerg Melee Weapons Level 1  
  57  4:53  Overlord  
  57  4:59  Baneling x2  
  51  5:01  Zergling x8  
  51  5:05  Queen x2  
  59  5:08  Zergling x12  
  59  5:11  Baneling x3  
  65  5:21  Drone x7  
  65  5:22  Drone  
  72  5:31  Drone  
  72  5:32  Overlord  
  73  5:40  Queen  
  65  5:44  Zergling x18  
  72  5:55  Zergling x14  
  75  5:59  Lair  
  75  6:02  Baneling x2  
  75  6:11  Drone x6  
  81  6:23  Baneling x6  
  81  6:28  Drone x2, Extractor  
  81  6:29  Overlord x2, Extractor  
  81  6:33  Baneling x5  
  81  6:35  Baneling  
  81  6:36  Baneling x3  
  81  6:45  Zergling x8  
  80  6:51  Zergling x8  
  80  6:52  Zergling x10  
  81  6:58  Baneling x3  
  76  7:06  Zergling x8, Extractor  
  79  7:13  Spine Crawler  
  79  7:14  Zergling x8, Spine Crawler x2  
  78  7:19  Zergling x6  
  78  7:20  Zergling x2  
  78  7:22  Zergling x2  
  82  7:25  Baneling x4  
  82  7:29  Zergling x6  
  84  7:37  Spine Crawler  
  84  7:38  Spine Crawler  
  84  7:43  Spire  
  81  7:47  Evolution Chamber  
  78  7:54  Zergling x12  
  79  8:02  Zergling x8  
  75  8:23  Zergling x20  
  72  8:31  Zergling x8  
  60  8:49  Baneling  
  60  8:50  Baneling x5  
  60  8:52  Baneling  
  60  8:53  Baneling x2  
Show
View Real Time Build Order
Export as new Build Order

JonSnow Zerg - Winner!

Build Orders: Hatch First 

Get SALT Encoding   

  12  0:00  Drone  
  13  0:12  Overlord  
  13  0:18  Drone  
  14  0:31  Drone x2  
  16  0:51  Hatchery  
  16  0:55  Drone  
  16  0:58  Drone  
  16  1:03  Drone  
  18  1:12  Extractor  
  18  1:18  Spawning Pool  
  16  1:20  Drone  
  16  1:22  Drone  
  18  1:30  Drone  
  19  1:39  Drone  
  20  1:50  Overlord  
  20  2:01  Evolution Chamber  
  20  2:04  Queen  
  20  2:05  Queen  
  20  2:06  Drone  
  24  2:09  Drone  
  24  2:13  Drone  
  26  2:17  Drone  
  26  2:22  Zergling x2  
  28  2:25  Zergling x2  
  29  2:32  Zerg Ground Armor Level 1  
  29  2:50  Hatchery  
  28  2:56  Drone x3  
  31  3:07  Drone x3  
  31  3:11  Metabolic Boost  
  34  3:14  Overlord  
  33  3:22  Zergling x2  
  33  3:23  Zergling x2  
  35  3:30  Baneling Nest  
  35  3:31  Overlord  
  34  3:35  Zergling x6  
  34  3:40  Drone x2  
  39  3:41  Drone  
  39  3:43  Drone  
  41  3:49  Overlord  
  41  3:57  Zergling x8  
  45  4:08  Zergling x8  
  49  4:13  Baneling x4  
  49  4:16  Zergling x6  
  52  4:19  Baneling  
  52  4:30  Zergling x16  
  51  4:39  Baneling  
  51  4:40  Zergling x4  
  51  4:41  Queen  
  51  4:45  Zergling x6  
  56  4:53  Drone  
  56  4:54  Extractor  
  56  4:55  Extractor  
  56  4:57  Drone  
  56  4:58  Roach Warren  
  56  4:59  Drone  
  55  5:00  Baneling x2  
  55  5:04  Drone  
  56  5:07  Drone x2  
  58  5:15  Drone  
  58  5:16  Drone x3  
  58  5:29  Zergling x4  
  58  5:31  Overlord  
  58  5:32  Drone x5  
  64  5:44  Overlord  
  64  5:50  Roach x3  
  64  5:56  Baneling  
  69  5:58  Roach x2  
  72  6:04  Roach x2  
  72  6:05  Roach x2  
  80  6:17  Overlord x2  
  79  6:19  Overlord  
  79  6:24  Roach  
  79  6:25  Baneling x2  
  80  6:33  Roach  
  80  6:35  Overlord  
  80  6:37  Roach x8  
  98  6:52  Roach x7  
  105  7:00  Roach  
  105  7:01  Overlord, Roach x2  
  106  7:05  Zergling x6  
  109  7:11  Ravager  
  109  7:14  Zergling x6  
  109  7:20  Zergling x2  
  109  7:21  Zergling x8  
  114  7:26  Baneling x5  
  114  7:31  Zergling x6  
  114  7:35  Zergling x4  
  114  7:36  Zergling x2  
  120  7:39  Zergling x2  
  120  7:40  Baneling x3  
  120  7:48  Zergling x2  
  120  7:51  Zergling x8  
  121  7:55  Zergling x10  
  113  8:08  Baneling x3  
  113  8:10  Zergling x10  
  118  8:21  Zergling x8  
  118  8:26  Zergling x10  
  116  8:33  Zergling x6  
  119  8:39  Roach  
  119  8:40  Roach  
  122  8:43  Overlord  
  119  8:53  Baneling x5  
  116  8:57  Drone x3  
  116  9:01  Drone x6  
Tags
 
Add a new tag
Caveats
  • Supply blocks, unpowered buildings, or Contaminate may cause inaccurate times.
  • Supply counts are checked every 10 seconds.